 Dungeon Crawl Stone Soup version 0.30-a0-1085-g990a428a5c (webtiles) character file.

Game seed: 13798971882708846791

4393 Lavandula the Tainter (level 9, 28/123 HPs)
             Began as a Naga Venom Mage on Apr 16, 2023.
             Was a Follower of Ru.
             Quit the game on level 8 of the Dungeon.
             The game lasted 00:20:42 (7818 turns).

Lavandula the Tainter (Naga Venom Mage)             Turns: 7818, Time: 00:20:43

Health: 28/123     AC: 24    Str: 10    XL:     9   Next: 35%
Magic:  2/18       EV:  1    Int: 26    God:    Ru [*.....]
Gold:   420        SH:  0    Dex: 12    Spells: 0/20 levels left

rFire   . . .      SeeInvis +      - Unarmed
rCold   + . .      Faith    .    (no shield)
rNeg    . . .      Spirit   .    a - melded +0 robe
rPois   +          Reflect  .    C - melded +0 hat
rElec   .          Rampage  .    y - melded +2 cloak {rF+}
rCorr   .          NoTele   +    k - melded +1 pair of gloves "Qerhammo" {rF+++ Will- Regen+ Str-2}
Will    +....                    (no barding)
Stlth   ++                       (no amulet)
HPRegen 0.40/turn                t - ring of protection from cold
MPRegen 0.16/turn                B - +6 ring of intelligence

@: brilliant, tree-form, spiked
A: stationary, stasis, torment immunity, boosted hp, AC +3, large, see
invisible, (deformed body), (poison resistance), (slowness 2), spit poison 1,
inexperienced 1, (naga tail 1)
a: Spit Poison, Renounce Religion


You were on level 8 of the Dungeon.
You worshipped Ru.
Ru was aware of your devotion.
You were a tree.
You visited 2 branches of the dungeon, and saw 9 of its levels.

You collected 585 gold pieces.
You spent 165 gold pieces at shops.

Inventory:

Armour
 a - a +0 robe (melded)
 k - the +1 pair of gloves "Qerhammo" (melded) {rF+++ Will- Regen+ Str-2}
   (You found it on level 2 of the Dungeon)

   Str:       It affects your strength (-2).
   rF:        It renders you almost immune to fire.
   Regen:     It increases your rate of health regeneration.
   Will:      It decreases your willpower.
 y - a +2 cloak of fire resistance (melded)
 C - a +0 hat (melded)
Jewellery
 t - a ring of protection from cold (left branch)
 B - a +6 ring of intelligence (right branch)
Wands
 u - a wand of flame (25)
 F - a wand of mindburst (7)
Scrolls
 e - 2 scrolls of magic mapping
 g - 2 scrolls of immolation
 i - 3 scrolls of blinking
 j - a scroll of amnesia
 q - 4 scrolls of fog {unknown}
 r - a scroll of silence {unknown}
 s - a scroll of acquirement {unknown}
 w - a scroll of enchant weapon {unknown}
 A - a scroll of butterflies {unknown}
 H - a scroll of noise {unknown}
Potions
 b - a potion of magic
 c - 2 potions of lignification
 f - 4 potions of curing
 h - a potion of haste
 l - a potion of berserk rage {unknown}
 m - 2 potions of brilliance
 n - 2 potions of mutation {unknown}
 p - 2 potions of resistance {unknown}
 x - 2 potions of heal wounds {unknown}
 z - 3 potions of invisibility {unknown}
 D - 3 potions of flight {unknown}
 E - 3 potions of attraction {unknown}
 G - a potion of degeneration {unknown}


   Skills:
 - Level 6.1 Fighting
 - Level 1.5 Dodging
 - Level 3.0 Stealth
 - Level 6.1 Unarmed Combat
 - Level 6.0 Spellcasting
 - Level 4.8 Conjurations
 - Level 5.0 Hexes
 + Level 3.4 Summonings
 - Level 1.0 Transmutations
 - Level 8.8 Poison Magic


You couldn't memorise any spells.
You knew the following spells:

 Your Spells              Type           Power      Damage    Failure   Level
a - Sting                 Tmut/Pois      100%       1d8       1%          1
b - Poisonous Vapours     Pois/Air       92%        N/A       1%          2
c - Olgreb's Toxic Radia  Pois           69%        N/A       1%          4
d - Mephitic Cloud        Conj/Pois/Air  47%        N/A       3%          3
e - Fulminant Prism       Conj/Hex       25%        3d14      9%          4
f - Summon Cactus Giant   Summ           19%        N/A       95%         6

Your spell library contained the following spells:

 Spells                   Type           Power      Damage    Failure   Level
 Kiss of Death            Conj/Necr      100%       2d13      2%          1
 Confusing Touch          Hex            50%        N/A       2%          3
 Scorch                   Fire           22%        2d6       11%         2
 Volatile Blastmotes      Fire/Tloc      22%        2d11      21%         3
 Flame Wave               Conj/Fire      30%        2d9       26%         4
 Iskenderun's Mystic Bla  Conj/Tloc      30%        2d8       26%         4
 Dispel Undead            Necr           11%        3d9       56%         4
 Lee's Rapid Deconstruct  Erth           5%         3d6*      88%         5


Dungeon Overview and Level Annotations

Branches:
Dungeon (8/15)             Temple (1/1) D:5
   Lair: D:8-11

Altars:
Ashenzari
Cheibriados
Dithmenos
Elyvilon
Fedhas
Gozag
Makhleb
Nemelex Xobeh
Qazlal
Ru
Sif Muna
Trog
Uskayaw
Vehumet
Wu Jian
Xom
Zin

Shops:
D:4 *:

Annotations:
D:8 Erica, Grum


Innate Abilities, Weirdness & Mutations

You are a tree.
Your roots penetrate the ground, keeping you stationary.
You cannot be teleported.
You are immune to unholy pain and torment.
Your maximum health is greatly increased.
Your equipment is partially melded.
((Your serpentine skin is tough. (AC +3)))
You have supernaturally acute eyesight. (SInv)
((Armour fits poorly on your strangely shaped body.))
((Your system is resistant to poisons. (rPois)))
((You cover ground very slowly.))
You can spit poison.
You are somewhat inexperienced. (-1 XL)
((You have a snake-like lower body.))


Message History

The manticore is poisoned.
The hornet is poisoned.
The orc wizard looks even sicker.
The wyvern looks even sicker.
You feel a bit more experienced. The bullfrog barely misses you.
The orc warrior throws a stone.
The stone hits you.
The vampire mosquito closely misses you.
The bullfrog hits you.
* * * LOW HITPOINT WARNING * * *
The howler monkey hoots and howls with incredible vigour!
You hear a shout! x4; You hear an angry growl.
You hear a croak.
You hear a horrible gurgling sound!
You hear a howl!
You hear an angry hiss.
Unknown command.
It was a potion of lignification.
You turn into a tree.
Your +2 cloak of fire resistance melds into your body.
Your +0 hat melds into your body.
The +1 pair of gloves "Qerhammo" {rF+++ Will- Regen+ Str-2} melds into your body.
Your +0 robe melds into your body.
You feel less resistant to fire.
Your roots penetrate the ground.
You feel strangely stable.
The howler monkey looks even sicker.
The orc wizard looks even sicker.
The bullfrog looks even sicker.
The orc warrior looks even sicker.
The hornet looks even sicker.
Your toxic aura wanes.
The vampire mosquito bites you.
* * * LOW HITPOINT WARNING * * *
The vampire mosquito draws strength from your injuries!
The bullfrog hits you but does no damage.
The orc wizard casts a spell.
The orc wizard flickers and vanishes for a moment.
The vampire mosquito bites you.
* * * LOW HITPOINT WARNING * * *
The vampire mosquito draws strength from your injuries!
You redirect the manticore's attack!
The manticore flicks its tail.
The volley of spikes hits the ice beast!
A jelly comes into view.
Okay, then.
Unknown command.
Okay, then.
Okay, then.
Unknown command.
Are you sure you want to abandon this character and quit the game? (Confirm with "yes".)

**,*,*****,*,,,,,*,*****,,,** *
**,** *,,,,**,**,,,,* **,** *
**,* *******,******* *,* * **,,*
*******,♣♣♣♣♣♣♣ *,** * *,~~**
*,,,,,,*....PP♣ **,** * *,~~,*
*,~,,,**#...~P♣ **,* * *,~,,*
*,.,,,#,#..P..♣ **,** * *,,***
*,..J.#.#.....♣ **,** * **,,,*
*,.....JF♣....♣ *,** *
**,*****,###..lyo###.♣***,*** ***
*,,,,,,,*#|...Yy..,**,,,*,,,* *,,
****,***,###...Ho##*,**,*,,,***,,
***,,* *,,.ch.....,,,**,***,*<,,,
#*,~,* *,....#.#...,,***,**,***,,
*,,~,* *,..o.#.#..,,,* **,,** *,,
*,*~,* *,~..,###...~,* **,*****,*
*,,,,* *,,,,,,*.,,,,,* *,** *,,,*


You could see a slime creature, a manticore (poisoned), a hornet (very
poisoned), an orc warrior (very poisoned), a wyvern (very poisoned), a vampire
mosquito, an ice beast (skewered), a bullfrog (very poisoned), a centaur, a
howler monkey (very poisoned), a jelly, an orc wizard (invisible, very poisoned)
and an orc.

Vanquished Creatures
  A two-headed ogre (D:7)
  Pikel (D:4)
  Prince Ribbit (D:6)
  Edmund (D:6)
  Duvessa (D:6)
  An orc warrior (D:8)
  2 sky beasts
  A black bear (D:5)
  2 ice beasts
  3 ogres
  A wolf (D:8)
  3 centaurs
  2 phantoms (D:7)
  A lemure (D:4)
  A kobold brigand (D:7)
  A bullfrog (D:5)
  3 scorpions
  Dowan (D:6)
  9 killer bees
  A howler monkey (D:8)
  4 hounds
  A jelly (D:5)
  An orc priest (D:7)
  Jessica (D:2)
  7 iguanas
  7 orc wizards
  5 gnolls
  13 adders
  2 shadow imps
  A white imp (D:4)
  An ufetubus (D:5)
  2 worms (D:2)
  A dart slug (D:5)
  33 orcs
  5 ball pythons
  8 bats
  8 endoplasms
  7 giant cockroaches
  6 goblins
  5 hobgoblins
  2 jackals
  9 kobolds
  3 quokkas
  12 frilled lizards
  3 rats
184 creatures vanquished.

Vanquished Creatures (others)
  A howler monkey (D:8)
  2 fulminant prisms (D:7)
  45 plants
  4 withered plants (D:8)
52 creatures vanquished.

Grand Total: 236 creatures vanquished

Notes
Turn   | Place    | Note
-------+----------+-------------------------------------------
     0 | D:1      | Lavandula the Naga Venom Mage began the quest for the Orb.
     0 | D:1      | Reached XP level 1. HP: 15/15 MP: 3/3
   181 | D:1      | Reached XP level 2. HP: 21/22 MP: 0/5
   550 | D:1      | Reached skill level 5 in Poison Magic
   606 | D:1      | Reached XP level 3. HP: 28/28 MP: 6/6
   780 | D:1      | Found a faded altar of an unknown god.
   847 | D:1      | Learned a level 2 spell: Poisonous Vapours
  1130 | D:2      | Noticed Jessica
  1209 | D:2      | Killed Jessica
  1210 | D:2      | Reached XP level 4. HP: 36/36 MP: 5/8
  1592 | D:2      | Learned a level 4 spell: Olgreb's Toxic Radiance
  1679 | D:2      | Reached skill level 6 in Poison Magic
  1833 | D:2      | Identified the +1 pair of gloves "Qerhammo" {rF+++ Will-
                  | Regen+ Str-2}
  1846 | D:2      | Found a shimmering altar of Xom.
  1911 | D:2      | Reached XP level 5. HP: 42/42 MP: 8/10
  2130 | D:3      | Found a broken altar of Ashenzari.
  2995 | D:4      | Noticed a lemure
  3010 | D:4      | Killed a lemure
  3102 | D:4      | Noticed Pikel
  3102 | D:4      | Noticed a lemure
  3102 | D:4      | Noticed a lemure
  3103 | D:4      | Noticed a lemure
  3306 | D:4      | Killed Pikel
  3307 | D:4      | Reached skill level 5 in Spellcasting
  3307 | D:4      | Reached skill level 8 in Poison Magic
  3307 | D:4      | Reached XP level 6. HP: 30/49 MP: 4/14
  3307 | D:4      | Reached XP level 7. HP: 33/55 MP: 4/15
  3503 | D:4      | Learned a level 3 spell: Mephitic Cloud
  3643 | D:4      | Found Etrez's Book Shop.
  3797 | D:4      | Found Cepyur's Fire Supplies.
  3956 | D:4      | Bought a +1 cloak of fire resistance for 165 gold pieces
  4021 | D:5      | Entered Level 5 of the Dungeon
  4077 | D:5      | Reached skill level 1 in Unarmed Combat
  4077 | D:5      | Reached XP level 8. HP: 35/62 MP: 1/17
  4202 | D:5      | Found a staircase to the Ecumenical Temple.
  4330 | D:5      | Found a bloodstained altar of Trog.
  4907 | D:5      | Found a glowing silver altar of Zin.
  4993 | D:5      | Reached skill level 5 in Unarmed Combat
  4997 | Temple   | Entered the Ecumenical Temple
  5003 | Temple   | Became a worshipper of Ru the Awakened
  5143 | D:5      | Learned a level 4 spell: Fulminant Prism
  5202 | D:5      | Reached skill level 1 in Fighting
  5446 | D:6      | Reached XP level 9. HP: 69/74 MP: 11/18
  5585 | D:6      | Noticed Edmund
  5594 | D:6      | Killed Edmund
  5833 | D:6      | Noticed Dowan
  5840 | D:6      | Killed Dowan
  5841 | D:6      | Reached skill level 5 in Fighting
  5865 | D:6      | Noticed Duvessa
  5875 | D:6      | Killed Duvessa
  6349 | D:6      | Noticed Prince Ribbit
  6365 | D:6      | Killed Prince Ribbit
  6910 | D:6      | Found a shimmering blue altar of Sif Muna.
  6956 | D:7      | Reached skill level 1 in Conjurations
  6956 | D:7      | Reached skill level 1 in Hexes
  6996 | D:7      | Noticed a two-headed ogre
  7007 | D:7      | Killed a two-headed ogre
  7018 | D:7      | Gained mutation: You are somewhat inexperienced. (-1 XL)
                  | [Ru sacrifice]
  7018 | D:7      | Reached XP level 8. HP: 56/76 MP: 9/17
  7018 | D:7      | Reached * piety under Ru
  7130 | D:7      | Reached XP level 9. HP: 78/82 MP: 9/18
  7146 | D:7      | Learned a level 6 spell: Summon Cactus Giant
  7373 | D:7      | Found an opulent altar of Gozag.
  7670 | D:7      | Reached skill level 5 in Hexes
  7778 | D:8      | Reached skill level 1 in Summonings
  7783 | D:8      | Noticed Grum
  7802 | D:8      | Noticed Erica
  7809 | D:8      | Noticed a manticore
  7813 | D:8      | Noticed a tengu warrior
  7814 | D:8      | Noticed a manticore
  7815 | D:8      | Identified the ring of Sihoelohu {Ice rPois rN+ Will-
                  | Int+5}
  7818 | D:8      | Quit the game

Illustrated notes

Levels and vault maps discovered:
D:1:      dpeg_arrival_rooms_with_view, layout_basic,
          shapermc_ecumenical_altar_ellora
D:2:      minmay_skewed_foursquare, layout_rooms, basic_altar, glass_columns_a,
          uniq_jessica
D:3:      cheibrodos_helix_gallery, layout_basic, evilmike_ruin_ashenzari,
          chequers_avenue
D:4:      layout_basic, serial_shops, nicolae_shop_back_alley_shop,
          nicolae_shop_fire_sale [nicolae_sub_dead_trees], uniq_pikel
D:5:      minmay_razor_zed, layout_rooms, mainiacjoe_overflow_alcove_2,
          trog_book, minmay_temple_entry_sparse_star,
          amcnicky_mini_rare_corridor_liquid, minmay_lizard_king
D:6:      layout_basic, nicolae_sif_muna_little_library,
          serial_co_window_serial, co_window_corner_a,
          co_window_of_opportunity_a, co_window_corner_a, co_window_corner_a,
          co_window_corner_a, co_window_unsneaky_path_d, co_window_broadway_a,
          co_window_2corner, co_window_unsneaky_path_e, co_window_corner_b,
          co_window_sun, glass_columns_b, uniq_edmund, uniq_duvessa,
          uniq_prince_ribbit1
D:7:      layout_basic, overflow_temple_1_default
D:8:      nzn_winding_woodlands_large [nzn_winding_woodlands_5x5_default,
          nzn_winding_woodlands_5x15_crooked,
          nzn_winding_woodlands_5x5_open_star,
          nzn_winding_woodlands_center_garden,
          nzn_winding_woodlands_15x15_five_gardens,
          nzn_winding_woodlands_center_pierced_h,
          nzn_winding_woodlands_5x5_checkerboard,
          nzn_winding_woodlands_5x15_pathside_ponds,
          nzn_winding_woodlands_5x5_closed_star], layout_loops_ring,
          kiku_gazebo_garden_becter, uniq_erica, uniq_grum
Temple:   hellmonk_temple_two_chambers

Skill      XL: |  1  2  3  4  5  6  7  8  9 |
---------------+----------------------------+-----
Poison Magic   | 5 6 8 |  8.8
Spellcasting   | 3 5 6 |  6.0
Unarmed Combat | 1 6 |  6.1
Fighting       | 2 6 |  6.1
Conjurations   | 4 |  4.8
Hexes          | 4 5 |  5.0
Summonings     | 3 |  3.4
Dodging        | |  1.5
Stealth        | |  3.0
Transmutations | |  1.0

Action                     |  1- 3 |  4- 6 |  7- 9 || total
---------------------------+-------+-------+-------++-------
  Melee: Unarmed           |    25 |     4 |   121 ||   150
         Punch             |       |       |     4 ||     4
   Cast: Sting             |    33 |    79 |    61 ||   173
         Olgreb's Toxic Ra |       |     2 |    57 ||    59
         Mephitic Cloud    |       |       |     4 ||     4
         Fulminant Prism   |       |       |     2 ||     2
 Invoke: Sacrifice Experie |       |       |     1 ||     1
Ability: Spit Poison       |    21 |    17 |    22 ||    60
  Evoke: Wand              |       |       |    13 ||    13
    Use: Scroll            |       |     3 |    11 ||    14
         Potion            |       |       |     3 ||     3
   Stab: Confused          |       |       |     2 ||     2
 Armour: Robe              |     6 |    19 |    82 ||   107
         Skin              |       |       |     1 ||     1
  Dodge: Dodged            |    15 |    40 |   102 ||   157

Table legend: (Time is in decaauts)
 A = Elapsed time spent in this place.
 B = Non-inter-level travel time spent in this place.
 C = Inter-level travel time spent in this place.
 D = Time resting spent in this place.
 E = Time spent auto-exploring this place.
 F = Levels seen in this place.
 G = Mean time per level.
                   A        B        C        D        E       F      G
               +--------+--------+--------+--------+--------+-----+--------+
         Total |   9609 |   9146 |    463 |    298 |   7544 |   9 | 1067.7 |
       Dungeon |   9598 |   9140 |    458 |    298 |   7544 |   8 | 1199.8 |
        Temple |     11 |      6 |      5 |      0 |      0 |   1 |   11.0 |
               +--------+--------+--------+--------+--------+-----+--------+

Top non-repeatable levels by time:
     D:6: 1926 daAuts
     D:4: 1492 daAuts
     D:5: 1412 daAuts
     D:1: 1301 daAuts
     D:2: 1283 daAuts
     D:3: 1140 daAuts
     D:7: 982 daAuts
     D:8: 59 daAuts
  Temple: 11 daAuts
